 Dungeon Crawl Stone Soup version 0.22-a0-44-geb883ae (webtiles) character file.

177 gmonis the Firebug (level 5, 0/38 HPs)
             Began as a Hill Orc Fire Elementalist on Jan 6, 2018.
             Killed from afar by an orc wizard (6 damage)
             ... with a magic dart
             ... on level 2 of the Dungeon.
             The game lasted 00:10:54 (3264 turns).

gmonis the Firebug (Hill Orc Fire Elementalist)     Turns: 3264, Time: 00:10:55

Health: 0/38       AC:  3    Str: 11    XL:     5   Next: 57%
Magic:  18/18      EV: 12    Int: 16    God:
Gold:   55         SH:  0    Dex: 11    Spells: 8/9 levels left

rFire    . . .     SeeInvis .   (no weapon)
rCold    . . .     Gourm    .   (no shield)
rNeg     + . .     Faith    .   a - +0 robe
rPois    .         Spirit   .   (no helmet)
rElec    .         Reflect  .   (no cloak)
rCorr    .         Harm     .   k - +0 pair of gloves
MR       .....                  (no boots)
Stlth    ++........             (no amulet)
HPRegen  0.12/turn              l - ring of magical power
MPRegen  0.16/turn              o - ring of positive energy

@: no status effects
A: no striking features
a: no special abilities


You were on level 2 of the Dungeon.
You were not hungry.

You visited 1 branch of the dungeon, and saw 3 of its levels.

You collected 55 gold pieces.

Inventory:

Missiles
 f - 62 stones (quivered)
Armour
 a - a +0 robe (worn)
 k - a +0 pair of gloves (worn)
Jewellery
 l - a ring of magical power (left hand)
 o - a ring of positive energy (right hand)
Scrolls
 d - a scroll of enchant armour {unknown}
 e - 2 scrolls of magic mapping {unknown}
 g - 5 scrolls of identify {unknown}
 h - 2 scrolls of noise {unknown}
 i - a scroll of amnesia {unknown}
 j - 2 scrolls of fear {unknown}
 p - 3 scrolls of teleportation {unknown}
 s - a scroll of enchant weapon {unknown}
Potions
 m - a potion of curing {unknown}
 n - a potion of agility {unknown}
 q - a potion of berserk rage {unknown}
Books
 b - a book of Flames

   Spells                             Type                      Level
   a - Flame Tongue                   Conjuration/Fire             1
   b - Throw Flame                    Conjuration/Fire             2
   c - Conjure Flame                  Conjuration/Fire             3
   d - Inner Flame                    Hexes/Fire                   3
   e - Sticky Flame                   Conjuration/Fire             4
   f - Fireball                       Conjuration/Fire             5
Comestibles
 c - 2 rations
 r - 2 chunks of flesh


   Skills:
 - Level 1.9 Dodging
 - Level 1.6 Stealth
 + Level 2.8 Spellcasting
 + Level 2.4 Conjurations
 + Level 4.7 Fire Magic


You had 8 spell levels left.
You knew the following spells:

 Your Spells              Type           Power        Failure   Level  Hunger
a - Flame Tongue          Conj/Fire      ##...        4%          1    #......


Dungeon Overview and Level Annotations

Branches:
Dungeon (3/15)

Altars:
Kikubaaqudgha
Okawaru


Message History

Something hits you but does no damage.
You see here 16 stones.
Something hits you.
There is a stone staircase leading up, spattered with blood here.
Something hits you.
You climb upwards.
There is a stone staircase leading down, spattered with blood here.
Something hits you.
You hear some strange, mumbled words.
A puff of flame appears from out of thin air!
The puff of flame hits you!
A puff of flame appears from out of thin air!
The puff of flame hits you!
A magic dart appears from out of thin air!
The magic dart hits you!
* * * LOW HITPOINT WARNING * * *
Something tries to affect you, but you resist.
A magic dart appears from out of thin air!
The magic dart hits you!
You die...

...#.##..##..#####.####.......#..
.........##..####........#######.
####.######..............####....
#.# #.#######.###..##Z#._.. ###
#.# #.# #..####....
###########.#######.# #..#######.
....................# #..#.#.#...
.......####{###########..#.#.#..#
######.# #.....@..........#.#...
# #.# #############....#.#... #
#.# #.............#...#. # #.#
#.#########...##..## # #.#
#.#.....# #)..##..## # #.#
#.#.....# #........#
######'#######'#.....###......###
#.......##...........'....##### #
#.......##...........###### #


There were no monsters in sight!

Vanquished Creatures
  Natasha (thrice) (D:2)
  4 adders (D:2)
  A worm (D:2)
  2 leopard geckos
  2 orcs (D:2)
  3 giant cockroaches (D:2)
  9 goblins
  4 hobgoblins
  5 jackals
  A quokka (D:2)
  12 bats
  3 frilled lizards
  7 kobolds
  5 rats
61 creatures vanquished.

Vanquished Creatures (others)
  A human (D:2)
1 creature vanquished.

Grand Total: 62 creatures vanquished

Notes
Turn   | Place    | Note
-------+----------+-------------------------------------------
     0 | D:1      | gmonis the Hill Orc Fire Elementalist began the quest for the Orb.
     0 | D:1      | Reached XP level 1. HP: 14/14 MP: 3/3
   230 | D:1      | Reached XP level 2. HP: 20/20 MP: 1/4
   953 | D:1      | Reached XP level 3. HP: 15/26 MP: 0/5
  1607 | D:2      | Noticed Natasha
  1614 | D:2      | Killed Natasha
  1614 | D:2      | Reached skill level 4 in Fire Magic
  1614 | D:2      | Reached XP level 4. HP: 33/33 MP: 7/7
  1986 | D:2      | Found an ancient bone altar of Kikubaaqudgha.
  1990 | D:2      | Noticed a human
  1998 | D:2      | Killed a human
  2103 | D:2      | Reached XP level 5. HP: 20/38 MP: 8/8
  2399 | D:2      | Noticed Natasha
  2408 | D:2      | Killed Natasha
  2630 | D:2      | Found an iron altar of Okawaru.
  2757 | D:2      | Noticed Natasha
  2766 | D:2      | Killed Natasha
  3264 | D:2      | Killed from afar by an orc wizard

Vault maps used:
D:1:      dpeg_arrival_orchard
D:2:      okawaru_metal_pillars_1_2, tgw_kikubaaqudgha, uniq_natasha
D:3:      ashenzari_conservatory_becter, uniq_terence

Skill      XL: |  1  2  3  4 |
---------------+-------------+-----
Spellcasting   | 2 |  2.8
Fire Magic     | 4 |  4.7
Conjurations   | 2 |  2.4
Dodging        | |  1.9
Stealth        | |  1.6

Action                   |  1- 3 |  4- 6 || total
-------------------------+-------+-------++-------
Melee: Unarmed           |    28 |    12 ||    40
Throw: Stone             |     3 |       ||     3
 Cast: Flame Tongue      |    50 |    71 ||   121
  Eat: Chunk             |     3 |     6 ||     9
Armor: Robe              |    29 |    10 ||    39
Dodge: Dodged            |    47 |    24 ||    71

Table legend:
 A = Spawn XP
 B = Non-spawn XP
 C = Spawn XP percentage of total XP
 D = Spawn monster count
 E = Non-spawn monster count
 F = Spawn count percentage of total count
 G = Total turns spent on level
                    A         B        C        D         E        F      G
               +---------+---------+-------+---------+---------+-------+---------
         Total |       0 |     253 |   0.0 |       0 |      61 |   0.0 |  3264
               +---------+---------+-------+---------+---------+-------+---------
           D:1 |       0 |      41 |   0.0 |       0 |      28 |   0.0 |  1559
           D:2 |       0 |     212 |   0.0 |       0 |      33 |   0.0 |  1689
               +---------+---------+-------+---------+---------+-------+---------
